 Dungeon Crawl Stone Soup version 0.31-a0-210-gccc998df9b (webtiles) character file.

Game seed: 8990077506662337449

37646 Strat the Brawler (level 13, -3/133 HPs)
             Began as a Troll Berserker on June 29, 2023.
             Was a High Priest of Trog.
             Slain by an eight-headed hydra (12 damage)
             ... on level 4 of the Lair of Beasts.
             The game lasted 00:41:59 (13614 turns).

Strat the Brawler (Troll Berserker)                Turns: 13614, Time: 00:41:59

Health: -3/133     AC:  7    Str: 28    XL:     13   Next: 59%
Magic:  0/12       EV: 11    Int:  5    God:    Trog [*****.]
Gold:   850        SH:  0    Dex: 11    Spells: 12/12 levels left

rFire   . .          .
                       - Unarmed
rCold   + . .        (no shield)
rNeg    . . .        x - +2 robe {rC+}
rPois   +            (helmet restricted)
rElec   .            j - +0 cloak
rCorr   .            (gloves unavailable)
SInv    .            (boots unavailable)
Will    .....        o - amulet of guardian spirit
Stlth   +            q - ring of poison resistance
HPRegen 1.22/turn    (no ring)
MPRegen 0.13/turn

%: guardian spirit
@: no status effects
A: large, unfitting armour, claws 3, regeneration 1, shaggy fur 1, tough skin 1
a: Renounce Religion, Berserk, Trog's Hand, Brothers in Arms


You were on level 4 of the Lair of Beasts.
You worshipped Trog.
Trog was extremely pleased with you.
You visited 3 branches of the dungeon, and saw 17 of its levels.
You also visited: Ossuary.

You collected 850 gold pieces.

Inventory:

Missiles
 f - 16 poisoned darts
 k - 9 boomerangs
 v - 7 large rocks (quivered)
Armour
 j - a +0 cloak (worn)
 x - a +2 robe of cold resistance (worn)
 z - a +0 troll leather armour
Jewellery
 m - a ring of fire
 o - an amulet of guardian spirit (around neck)
 q - a ring of poison resistance (left claw)
Wands
 b - a wand of polymorph (6)
 p - a wand of acid (8)
 r - a wand of roots (27)
 s - a wand of flame (30)
 t - a wand of digging (8)
 u - a wand of charming (8)
Scrolls
 g - 5 scrolls of identify
Potions
 a - a potion of attraction
 c - a potion of might
 d - 8 potions of lignification
 e - 4 potions of cancellation
 h - a potion of invisibility
 l - 2 potions of curing
 w - 2 potions of magic


   Skills:
 - Level 10.0 Fighting
 + Level 9.0 Throwing
 - Level 6.6 Dodging
 * Level 17.1 Unarmed Combat


You had 12 spell levels left.
You didn't know any spells.
Your spell library was empty.

Dungeon Overview and Level Annotations

Branches:
Dungeon (12/15)            Temple (0/1) D:6            Lair (4/5) D:10
 Shoals (0/4) Lair:3       Spider (0/4) Lair:3          Orc (1/2) D:11
Ossuary (visited)
  Slime: Lair:4-5

Altars:
Ashenzari
Dithmenos
Makhleb
Okawaru
Trog
Uskayaw
Wu Jian
Xom
Yredelemnul
The Shining One

Shops:
D:4 *   D:6 (   D:11 (

Annotations:
D:12 3 runed translucent doors, Newt's ghost, journeyman KoHu
Lair:3 3 runed translucent doors, knightboat's ghost, journeyman DrMo
Orc:1 Harold


Innate Abilities, Weirdness & Mutations

You are too large for most types of armour.
You have claws for hands.
Your natural rate of healing is unusually fast.
You are covered in fur. (AC +1)
You have tough skin. (AC +1)


Message History

The eight-headed hydra bites you!
* * * LOW HITPOINT WARNING * * *
The eight-headed hydra bites you!
* * * LOW HITPOINT WARNING * * *
The eight-headed hydra bites you!
* * * LOW HITPOINT WARNING * * *
The eight-headed hydra bites you but does no damage.
The eight-headed hydra bites you!
* * * LOW HITPOINT WARNING * * *
The eight-headed hydra bites you.
* * * LOW HITPOINT WARNING * * *
The eight-headed hydra bites you but does no damage.
Your Throwing skill increases to level 9!
You feel much better. The eight-headed hydra bites you.
* * * LOW HITPOINT WARNING * * *
The eight-headed hydra barely misses you. x2
The eight-headed hydra bites you but does no damage.
The eight-headed hydra bites you.
* * * LOW HITPOINT WARNING * * *
The eight-headed hydra bites you!
* * * LOW HITPOINT WARNING * * *
The eight-headed hydra bites you.
* * * LOW HITPOINT WARNING * * *
The eight-headed hydra bites you!
* * * LOW HITPOINT WARNING * * *
Your deep troll goes berserk!
The eight-headed hydra bites you.
* * * LOW HITPOINT WARNING * * *
The eight-headed hydra bites you.
* * * LOW HITPOINT WARNING * * *
The eight-headed hydra bites you.
* * * LOW HITPOINT WARNING * * *
The eight-headed hydra bites you!
* * * LOW HITPOINT WARNING * * *
The eight-headed hydra bites you.
* * * LOW HITPOINT WARNING * * *
The eight-headed hydra bites you.
* * * LOW HITPOINT WARNING * * *
The eight-headed hydra bites you!
You die...

.... #P......#.# ..#
#P....(..## .##
#......(..##### ###. #
#...........P# ....
..#....(.......# ....
.......(......## P##.
..............# ##
#....D(....### ..
##....@....# ...
#.....T..## ...
#......### ..F #.......#
. ###P...## . #####
####..# # .. #
####...###.###.# P#... #
#..P.....#.###.###.....
#
##...........##.........
#


You could see an eight-headed hydra (ally target) and a friendly deep troll
(summoned, berserk).

Vanquished Creatures
  Rupert (Lair:4)
  Fannar (D:10)
  2 hydras
  Erica (D:10)
  3 two-headed ogres
  A death yak (Lair:4)
  Pikel (D:8)
  A lindwurm (Lair:3)
  3 cyclopes
  3 manticores
  12 elephants
  Maurice (D:10)
  3 black mambas
  A torpor snail (Lair:1)
  A gargoyle (D:11)
  10 cane toads
  2 rime drakes
  6 komodo dragons
  2 trolls (D:12)
  2 polar bears (Lair:3)
  Grinder (D:5)
  14 blink frogs
  2 culicivoras (Lair:3)
  A snapping turtle (Lair:3)
  2 shadows
  5 wyverns
  A wraith (D:12)
  25 yaks
  2 steam dragons
  3 basilisks
  6 vampire mosquitoes
  2 acid dragons
  8 water moccasins
  2 orc warriors
  3 black bears
  A sky beast (D:8)
  An ogre (D:7)
  19 wolves
  3 centaurs
  4 lemures
  A phantom (D:7)
  14 bullfrogs
  2 elf zombies (Ossuary)
  3 scorpions
  19 wights
  7 killer bees (D:9)
  An electric eel (Lair:4)
  3 howler monkeys
  A crimson imp (D:4)
  A centaur zombie (Ossuary)
  2 jellies
  Crazy Yiuf (D:5)
  4 human zombies (Ossuary)
  6 orc priests
  4 hell rats (Lair:1)
  3 iguanas
  9 orc wizards
  3 mummies (Ossuary)
  4 gnolls (D:4)
  9 adders
  2 shadow imps
  3 ufetubi
  6 adder zombies (Ossuary)
  A worm (D:2)
  A dart slug (D:3)
  21 orcs
  5 ball pythons
  4 giant cockroaches
  7 goblins
  6 hobgoblins
  2 jackals (D:5)
  4 quokkas
  5 bats
  4 frilled lizards
  2 gnoll zombies (Ossuary)
  A goblin zombie (Ossuary)
  2 hobgoblin zombies (Ossuary)
  5 jackal zombies (Ossuary)
  7 kobolds
  7 kobold zombies (Ossuary)
  2 quokka zombies (Ossuary)
  5 rats
  4 rat zombies (Ossuary)
365 creatures vanquished.

Notes
Turn   | Place    | Note
-------+----------+-------------------------------------------
     0 | D:1      | Strat the Troll Berserker began the quest for the Orb.
     0 | D:1      | Reached XP level 1. HP: 22/22 MP: 0/0
   437 | D:1      | Reached XP level 2. HP: 29/29 MP: 1/1
   919 | D:2      | Reached XP level 3. HP: 36/36 MP: 2/2
   993 | D:2      | Reached ** piety under Trog
  1804 | D:3      | Reached skill level 4 in Unarmed Combat
  1809 | D:3      | Found a faded altar of an unknown god.
  1894 | D:3      | Reached XP level 4. HP: 44/44 MP: 3/3
  2205 | D:4      | Reached XP level 5. HP: 46/53 MP: 4/4
  2369 | D:4      | Found Lisk's Assorted Antiques.
  2457 | D:4      | Reached skill level 5 in Unarmed Combat
  2795 | D:4      | Found a burning altar of Makhleb.
  2795 | D:4      | Found a shimmering altar of Xom.
  3169 | D:5      | Entered Level 5 of the Dungeon
  3169 | D:5      | Noticed Grinder
  3247 | D:5      | Reached XP level 6. HP: 53/61 MP: 5/5
  3324 | D:5      | Noticed a steam dragon
  3335 | D:5      | Killed a steam dragon
  3336 | D:5      | Reached skill level 6 in Unarmed Combat
  3341 | D:5      | Reached *** piety under Trog
  3342 | D:5      | Reached XP level 7. HP: 35/68 MP: 6/6
  3440 | D:5      | Paralysed by Grinder for 4 turns
  3449 | D:5      | Killed Grinder
  3468 | D:5      | Found a hide-covered altar of Uskayaw.
  3550 | D:5      | Reached skill level 7 in Unarmed Combat
  3627 | D:5      | Found a sand-covered staircase.
  3650 | Ossuary  | Entered an ossuary
  3702 | Ossuary  | Reached XP level 8. HP: 70/79 MP: 7/7
  3896 | Ossuary  | Reached **** piety under Trog
  4246 | D:5      | Found a runed translucent door.
  4247 | D:5      | Noticed Crazy Yiuf
  4254 | D:5      | Killed Crazy Yiuf
  4353 | D:6      | Found Eheuluf's Weapon Emporium.
  4390 | D:6      | Reached skill level 5 in Fighting
  4390 | D:6      | Reached skill level 8 in Unarmed Combat
  4395 | D:6      | Found a staircase to the Ecumenical Temple.
  4403 | D:6      | Reached skill level 5 in Dodging
  4474 | D:6      | Found an ornate altar of the Wu Jian Council.
  4611 | D:6      | Found a bloodstained altar of Trog.
  4738 | D:6      | Found a glowing golden altar of the Shining One.
  4738 | D:6      | Found a shadowy altar of Dithmenos.
  4988 | D:6      | Found a broken altar of Ashenzari.
  5124 | D:7      | Found a basalt altar of Yredelemnul.
  5215 | D:7      | Reached skill level 9 in Unarmed Combat
  5215 | D:7      | Reached XP level 9. HP: 85/88 MP: 6/8
  5719 | D:7      | Found an iron altar of Okawaru.
  6155 | D:8      | Noticed Pikel
  6333 | D:8      | Killed Pikel
  6334 | D:8      | Reached skill level 10 in Unarmed Combat
  6853 | D:9      | Noticed a cyclops
  6874 | D:9      | Reached XP level 10. HP: 45/100 MP: 4/9
  6942 | D:9      | Killed a cyclops
  6943 | D:9      | Identified the +6 scimitar of Cowardice {heavy, rCorr}
  7003 | D:9      | Reached skill level 11 in Unarmed Combat
  7068 | D:9      | Reached skill level 1 in Throwing
  7068 | D:9      | Reached ***** piety under Trog
  7521 | D:10     | Entered Level 10 of the Dungeon
  7561 | D:10     | Noticed Erica
  7592 | D:10     | Killed Erica
  7664 | D:10     | Found a staircase to the Lair.
  7722 | D:10     | Noticed Maurice
  7732 | D:10     | Killed Maurice
  7786 | D:10     | Noticed Fannar
  7816 | D:10     | Killed Fannar
  7817 | D:10     | Reached skill level 12 in Unarmed Combat
  8207 | D:11     | Noticed a manticore
  8217 | D:11     | Killed a manticore
  8322 | D:11     | Noticed a cyclops
  8344 | D:11     | Killed a cyclops
  8345 | D:11     | Reached XP level 11. HP: 76/109 MP: 6/10
  8563 | D:11     | Found a staircase to the Orcish Mines.
  8643 | D:11     | Noticed a two-headed ogre
  8652 | D:11     | Killed a two-headed ogre
  8653 | D:11     | Reached skill level 13 in Unarmed Combat
  8801 | D:11     | Found Zext's Antique Weapon Shoppe.
  9025 | Orc:1    | Entered Level 1 of the Orcish Mines
  9025 | Orc:1    | Noticed Harold
  9026 | Orc:1    | Noticed an orc knight
  9113 | D:12     | Noticed a two-headed ogre
  9124 | D:12     | Killed a two-headed ogre
  9333 | D:12     | Reached skill level 5 in Throwing
  9488 | D:12     | Found a runed translucent gate.
  9488 | D:12     | Found a runed translucent gate.
  9492 | D:12     | Found a runed translucent gate.
  9493 | D:12     | Noticed Newt's ghost (journeyman KoHu)
  9614 | D:12     | Noticed a wizard
  9657 | D:11     | Noticed a two-headed ogre
  9666 | D:11     | Killed a two-headed ogre
  9731 | Lair:1   | Entered Level 1 of the Lair of Beasts
  9863 | Lair:1   | Reached skill level 14 in Unarmed Combat
  9958 | Lair:1   | Reached XP level 12. HP: 102/122 MP: 6/11
 10080 | Lair:1   | Received a gift from Trog
 10607 | Lair:2   | Reached skill level 15 in Unarmed Combat
 11689 | Lair:3   | Reached XP level 13. HP: 97/133 MP: 8/12
 11752 | Lair:3   | Noticed knightboat's ghost (journeyman DrMo)
 11832 | Lair:3   | Found a runed translucent gate.
 11833 | Lair:3   | Found a runed translucent gate.
 11843 | Lair:3   | Found a runed translucent gate.
 11930 | Lair:3   | Reached skill level 16 in Unarmed Combat
 12010 | Lair:3   | Reached skill level 10 in Fighting
 12072 | Lair:3   | Received a gift from Trog
 12503 | Lair:3   | Found a hole to the Spider Nest.
 12897 | Lair:3   | Found a staircase to the Shoals.
 13106 | Lair:4   | Noticed Rupert
 13123 | Lair:4   | Paralysed by Rupert for 5 turns
 13134 | Lair:4   | Killed Rupert
 13206 | Lair:4   | Identified the +7 orcbow of Pean {antimagic, rPois Int+5
                  | SInv}
 13435 | Lair:4   | Reached skill level 17 in Unarmed Combat
 13614 | Lair:4   | Slain by an eight-headed hydra

Illustrated notes

Levels and vault maps discovered:
D:1:      psy_arrival_wood_between_worlds, layout_basic,
          minmay_misc_feat_rugged, fountainhead, grunt_decor_cap
D:2:      layout_rooms, roderic_roman_lattice, serial_bayou_crossing
D:3:      layout_loops_corners, hellmonk_ecumenical_altar_inner_sanctum
D:4:      layout_loops_ring, grunt_temple_overflow_champion_of_chaos,
          serial_shops, nicolae_diamond_shop
D:5:      layout_loops_cross, nicolae_uskayaw_dance_hall,
          nicolae_ossuary_entry_false_entrances, chequers_jeans,
          uniq_crazy_yiuf_cottage, uniq_grinder
D:6:      layout_basic, nzn_wu_jian_contemplation,
          gammafunk_temple_overflow_wave, nicolae_overflow_hidden_temple,
          minmay_temple_entry_overgrown, serial_shops, shop
D:7:      layout_loops_ring, kennysheep_mini, marbit_many_paths
D:8:      layout_gridville, uniq_pikel
D:9:      layout_basic, kennysheep_just_a_vault
D:10:     layout_roguey, dpeg_oklobed_lair, uniq_maurice, uniq_erica,
          uniq_fannar
D:11:     layout_irregular_city, david_orc_3, serial_shops,
          nicolae_shop_waterfront
D:12:     layout_roguey, gammafunk_ghost_nasty_kobolds, amethyst_killhole
Lair:1:   layout_regular_city, serial_forest, infiniplex_forest_lined_3_way,
          infiniplex_forest_end_3, infiniplex_forest_clump_diagonal,
          infiniplex_forest_zigzag_2, infiniplex_forest_straight_4,
          infiniplex_forest_end_2, infiniplex_forest_zigzag_2,
          lemuel_old_faithful
Lair:2:   layout_gridlike
Lair:3:   layout_cave_pods, minmay_shoals_entry_hut,
          hellmonk_spider_entry_life_and_decay, gammafunk_ghost_split,
          nicolae_lair_lindhole
Lair:4:   layout_cave_pods, nicolae_quartered_pool_medium, st_stairs_5,
          hellmonk_guarded_unrand_vines, uniq_sonja, uniq_rupert
Orc:1:    layout_caves, basic_altar, uniq_harold

Skill      XL: |  1  2  3  4  5  6  7  8  9 10 11 12 13 |
---------------+----------------------------------------+-----
Unarmed Combat | 4 5 6 7 9 10 12 14 15 17 | 17.1
Fighting       | 3 4 5 6 7 8 9 10 | 10.0
Dodging        | 3 4 5 6 |  6.6
Throwing       | 3 5 7 9 |  9.0

Action                     |  1- 3 |  4- 6 |  7- 9 | 10-12 | 13-15 || total
---------------------------+-------+-------+-------+-------+-------++-------
  Melee: Unarmed           |   128 |   108 |   321 |   526 |   179 ||  1262
         Punch             |     1 |     1 |    18 |    39 |    23 ||    82
  Throw: Boomerang         |       |       |       |     2 |     2 ||     4
         Large rock        |       |       |       |       |     7 ||     7
 Invoke: Berserk           |       |     1 |     2 |     4 |     1 ||     8
         Brothers in Arms  |       |       |       |       |     1 ||     1
  Evoke: Wand              |       |     3 |     1 |     5 |     2 ||    11
    Use: Scroll            |       |    15 |     3 |     6 |     1 ||    25
         Potion            |       |     1 |     2 |     5 |     3 ||    11
 Armour: Animal skin       |    38 |    22 |    73 |     9 |       ||   142
         Robe              |       |       |       |   120 |    36 ||   156
  Dodge: Dodged            |    62 |    40 |   150 |   258 |    67 ||   577

Table legend: (Time is in decaauts)
 A = Elapsed time spent in this place.
 B = Non-inter-level travel time spent in this place.
 C = Inter-level travel time spent in this place.
 D = Time resting spent in this place.
 E = Time spent auto-exploring this place.
 F = Levels seen in this place.
 G = Mean time per level.
                   A        B        C        D        E       F      G
               +--------+--------+--------+--------+--------+-----+--------+
         Total |  13436 |  12822 |    614 |    120 |   7273 |  18 |  746.4 |
       Dungeon |   9384 |   8868 |    516 |    120 |   5520 |  12 |  782.0 |
          Lair |   3779 |   3681 |     98 |      0 |   1702 |   4 |  944.8 |
  Orcish Mines |      1 |      1 |      0 |      0 |      0 |   1 |    1.0 |
       Ossuary |    270 |    270 |      0 |      0 |     51 |   1 |  270.0 |
               +--------+--------+--------+--------+--------+-----+--------+

Top non-repeatable levels by time:
  Lair:3: 1354 daAuts
     D:4: 1110 daAuts
  Lair:2: 985 daAuts
    D:11: 967 daAuts
     D:9: 899 daAuts
     D:3: 862 daAuts
  Lair:1: 816 daAuts
     D:8: 805 daAuts
     D:5: 804 daAuts
     D:6: 781 daAuts
     D:1: 719 daAuts
    D:10: 698 daAuts
     D:7: 691 daAuts
  Lair:4: 624 daAuts
    D:12: 529 daAuts
